 Dungeon Crawl Stone Soup version 0.27-a0-780-geb8d7bc690 (webtiles) character file.

Game seed: 1824351355073192762

176 EnegeticOcto the Magician (level 5, -1/40 HPs)
             Began as a Djinni Ice Elementalist on Mar 26, 2021.
             Was an Initiate of Ashenzari.
             Slain by a scorpion (5 damage)
             ... on level 5 of the Dungeon.
             The game lasted 00:04:55 (842 turns).

EnegeticOcto the Magician (Djinni Ice Elementalist)  Turns: 842, Time: 00:04:56

Health: -1/40      AC:  2    Str:  7    XL:     5   Next: 56%
Gold:   35         EV: 12    Int: 18    God:    Ashenzari [......] SH:  0 Dex: 13

rFire    + + .     SeeInvis .   i - +2 dagger "Thunder Perfect Mind" {venom, Cun, Melee} (curse)
rCold    x . .     Faith    .   (no shield)
rNeg     . . .     Spirit   .   a - +0 robe
rPois    ∞         Reflect  .   (no helmet)
rElec    .         Harm     .   (no cloak)
rCorr    .         Rampage  .   (no gloves)
Will     .....                  (boots unavailable)
Stlth    ++........             (no amulet)
HPRegen  0.13/turn              (no ring)
MPRegen  0.00/turn              (no ring)

@: flying
A: fire resistance 2, cold vulnerability 1, float, innate caster, hp casting,
extra vitality 1
a: Renounce Religion, Curse Item, Shatter the Chains


You were on level 5 of the Dungeon.
You worshipped Ashenzari.
Ashenzari was noncommittal.
You visited 1 branch of the dungeon, and saw 5 of its levels.

You collected 35 gold pieces.

Inventory:

Hand Weapons
 i - the cursed +2 dagger "Thunder Perfect Mind" (weapon) {venom, Cun, Melee}
   (You took it off a kobold on level 3 of the Dungeon)

   It poisons the flesh of those it strikes.
   It has a curse which improves the following skills: Cunning: Dodging and
   Stealth.
   Melee Combat: Short Blades, Long Blades, Axes, Maces & Flails, Polearms,
   Staves and Unarmed Combat.
 j - a +0 war axe
   (You found it on level 4 of the Dungeon)
Armour
 a - a +0 robe (worn)
Magical Staves
 k - a staff of poison
   (You found it on level 4 of the Dungeon)
Scrolls
 c - a scroll of silence
 g - a scroll of enchant armour
 h - a scroll of teleportation {@r3 !r}
Potions
 b - 2 potions of cancellation
 d - a potion of haste {@q4 !q}
 e - a potion of invisibility
 f - 2 potions of curing {@q1 !q}


   Skills:
 + Level 3.4 Fighting
 - Level 2.1(2.6) Dodging
 - Level 1.5(2.0) Stealth
 + Level 4.7 Spellcasting


You couldn't memorise any spells.
You knew the following spells:

 Your Spells              Type           Power      Damage    Failure   Level
a - Freeze                Ice            84%        1d10      1%          1
b - Frozen Ramparts       Ice            42%        1d6       6%          3
c - Ozocubu's Armour      Ice            21%        N/A       6%          3
d - Hailstorm             Conj/Ice       21%        3d6       19%         4
e - Summon Ice Beast      Ice/Summ       21%        N/A       19%         4
f - Sandblast             Erth           42%        2d11      1%          1
p - Passwall              Tmut/Erth      17%        N/A       3%          2
Your spell library was empty.

Dungeon Overview and Level Annotations

Branches:
Dungeon (5/15)
 Temple: D:4-7

Altars:
Ashenzari

Annotations:
D:4 Grinder


Innate Abilities, Weirdness & Mutations

You are immune to poison.
Your flesh is very heat resistant. (rF++)
You are vulnerable to cold. (rC-)
You float through the air rather than walking.
You learn spells naturally, not from books.
Your magical power is your life essence.
You have superior vitality. (+4 HP)


Message History

You hit the hound zombie.
You destroy the hound zombie!
Found 13 poisoned darts.
Found a +0 war axe.
Found a staff of poison.
You see here a +0 war axe.
j - a +0 war axe You see here a staff of poison.
k - a staff of poison An adder comes into view.
The adder hisses angrily.
The adder closely misses you.
Casting: Freeze (safe; 2% risk of failure)
Confirm with . or Enter, or press ? or * to list all spells.
Aiming: Freeze (safe; 2% risk of failure)
Press: ? - help, Shift-Dir - straight line, f - adder
Aim: an adder You freeze the adder.
The adder is heavily wounded.
The adder seems to slow down.
An ogre comes into view. It is wielding a +0 giant spiked club.
The adder bites you.
Casting: Freeze (safe; 2% risk of failure)
Confirm with . or Enter, or press ? or * to list all spells.
Aiming: Freeze (safe; 2% risk of failure)
Press: ? - help, Shift-Dir - straight line, f/p - adder
Aim: an adder (heavily wounded, slow)
You freeze the adder!
You kill the adder!
The ogre shouts!
A ball python comes into view.
Casting: Freeze (safe; 2% risk of failure)
Confirm with . or Enter, or press ? or * to list all spells.
Casting: Frozen Ramparts (dangerous; 7% risk of failure)
Press: ? - help, Dir - look around, f - activate The walls around you are covered in ice.
The ball python hisses angrily.
* * * LOW HITPOINT WARNING * * *
The wall freezes the ogre.
The wall freezes the ogre.
Casting: Frozen Ramparts (dangerous; 7% risk of failure)
Confirm with . or Enter, or press ? or * to list all spells.
Aiming: Freeze (safe; 2% risk of failure)
Press: ? - help, Shift-Dir - straight line, f - ogre
Aim: an ogre, wielding a +0 giant spiked club (moderately wounded)
You freeze the ogre.
The ogre is heavily wounded.
* * * LOW HITPOINT WARNING * * *
The wall freezes the ogre.
The ogre hits you with a +0 giant spiked club.
* * * LOW HITPOINT WARNING * * *
Casting: Freeze (safe; 2% risk of failure)
Confirm with . or Enter, or press ? or * to list all spells.
Aiming: Freeze (safe; 2% risk of failure)
Press: ? - help, Shift-Dir - straight line, f/p - ogre
Aim: an ogre, wielding a +0 giant spiked club (severely wounded)
You freeze the ogre.
The ogre is severely wounded.
* * * LOW HITPOINT WARNING * * *
The wall freezes the ball python.
The wall freezes the ogre.
The ogre barely misses you.
Casting: Freeze (safe; 2% risk of failure)
Confirm with . or Enter, or press ? or * to list all spells.
Aiming: Freeze (safe; 2% risk of failure)
Press: ? - help, Shift-Dir - straight line, f/p - ogre
Aim: an ogre, wielding a +0 giant spiked club (almost dead)
You freeze the ogre!
You kill the ogre!
* * * LOW HITPOINT WARNING * * *
The wall freezes the ball python.
You kill the ball python!
Your Fighting skill increases to level 3!
You have reached level 5!
Spell assigned to 'p'.
The power to cast Passwall wells up from within.
The frozen ramparts melt away as you move.
Unknown command.
There is a stone staircase leading down here.
Okay, then.
You fly downwards.
There is a stone staircase leading up here.
A scorpion comes into view.
Casting: Freeze (safe; 1% risk of failure)
Confirm with . or Enter, or press ? or * to list all spells.
Aiming: Freeze (safe; 1% risk of failure)
Press: ? - help, Shift-Dir - straight line, f - scorpion
Aim: a scorpion You freeze the scorpion.
The scorpion is moderately wounded.
* * * LOW HITPOINT WARNING * * *
Casting: Freeze (safe; 1% risk of failure)
Confirm with . or Enter, or press ? or * to list all spells.
Aiming: Freeze (safe; 1% risk of failure)
Press: ? - help, Shift-Dir - straight line, f/p - scorpion
Aim: a scorpion (moderately wounded)
You freeze the scorpion.
The scorpion is moderately wounded.
* * * LOW HITPOINT WARNING * * *
The scorpion stings you.
You die...

#..........#
#.........#
##........#
##.......#
#..#...<#
##..#####
#..# #..#
##@#
#.s....#
#.....##
..##### .##
.# . .#


You could see a scorpion.

Vanquished Creatures
  An ogre (D:4)
  Jessica (D:3)
  A hound zombie (D:4)
  2 adders
  A dart slug (D:1)
  An endoplasm (D:1)
  5 goblins
  4 hobgoblins
  4 jackals (D:1)
  2 ball pythons
  4 bats
  A frilled lizard (D:1)
  3 kobolds (D:3)
  5 rats
35 creatures vanquished.

Notes
Turn   | Place    | Note
-------+----------+-------------------------------------------
     0 | D:1      | EnegeticOcto the Djinni Ice Elementalist began the quest
                  | for the Orb.
     0 | D:1      | Reached XP level 1. HP: 15/15 MP: 0/0
    82 | D:1      | Found a broken altar of Ashenzari.
    88 | D:1      | Became a worshipper of Ashenzari the Shackled
   101 | D:1      | Reached skill level 1 in Fighting
   101 | D:1      | Reached XP level 2. HP: 13/22 MP: 0/0
   424 | D:2      | Reached skill level 4 in Spellcasting
   461 | D:3      | Reached XP level 3. HP: 13/27 MP: 0/0
   461 | D:3      | Learned a level 1 spell: Sandblast
   538 | D:3      | Reached skill level 2 in Fighting
   581 | D:4      | Noticed Grinder
   678 | D:3      | Noticed Jessica
   684 | D:3      | Killed Jessica
   685 | D:3      | Reached XP level 4. HP: 20/34 MP: 0/0
   808 | D:4      | Noticed an ogre
   816 | D:4      | Killed an ogre
   817 | D:4      | Reached skill level 3 in Fighting
   817 | D:4      | Reached XP level 5. HP: 2/40 MP: 0/0
   817 | D:4      | Learned a level 2 spell: Passwall
   830 | D:5      | Entered Level 5 of the Dungeon
   842 | D:5      | Slain by a scorpion

Illustrated notes

Levels and vault maps discovered:
D:1:      psy_arrival_radial01, layout_basic, evilmike_ruin_ashenzari
D:2:      layout_rooms, patterned_corridor
D:3:      layout_basic, uniq_jessica
D:4:      layout_basic, uniq_grinder, uniq_pikel, uniq_sigmund
D:5:      corexii_shack_village, layout_cave_pods, uniq_ijyb

Skill      XL: |  1  2  3  4 |
---------------+-------------+-----
Fighting       | 1 2 3 |  3.4
Spellcasting   | 4 |  4.7
Dodging        | |  2.1
Stealth        | |  1.5

Action                   |  1- 3 |  4- 6 || total
-------------------------+-------+-------++-------
Melee: Dagger            |     1 |    11 ||    12
 Cast: Freeze            |    44 |     8 ||    52
       Frozen Ramparts   |       |     1 ||     1
Invok: Curse Item        |     1 |       ||     1
 Stab: Sleeping          |     1 |       ||     1
Armor: Robe              |     6 |       ||     6
Dodge: Dodged            |    20 |     8 ||    28

Table legend: (Time is in decaauts)
 A = Elapsed time spent in this place.
 B = Non-inter-level travel time spent in this place.
 C = Inter-level travel time spent in this place.
 D = Time resting spent in this place.
 E = Time spent auto-exploring this place.
 F = Levels seen in this place.
 G = Mean time per level.
                   A        B        C        D        E       F      G
               +--------+--------+--------+--------+--------+-----+--------+
         Total |    845 |    822 |     23 |      0 |      0 |   5 |  169.0 |
       Dungeon |    845 |    822 |     23 |      0 |      0 |   5 |  169.0 |
               +--------+--------+--------+--------+--------+-----+--------+

Top non-repeatable levels by time:
     D:1: 384 daAuts
     D:3: 256 daAuts
     D:4: 117 daAuts
     D:2: 75 daAuts
     D:5: 11 daAuts
